 Dungeon Crawl Stone Soup version 0.31-a0-232-gb1c03b2570 (webtiles) character file.

Game seed: 13072278503397030185

67 qw the Shooter (level 4, -1/36 HPs)
             Began as a Minotaur Hexslinger on July 6, 2023.
             Succumbed to a scorpion's poison
             ... on level 3 of the Dungeon.
             The game lasted 00:00:45 (1815 turns).

qw the Shooter (Minotaur Hexslinger)                Turns: 1815, Time: 00:00:45

Health: -1/36      AC:  2    Str: 13    XL:     4   Next: 0%
Magic:  4/4        EV: 12    Int: 10    God:
Gold:   84         SH:  0    Dex: 14    Spells: 4/5 levels left

rFire   . . .        Y - +2 sling
rCold   + . .        (no shield)
rNeg    . . .        b - +0 robe {Will+}
rPois   .            (helmet restricted)
rElec   .            (no cloak)
rCorr   .            (no gloves)
SInv    .            (no boots)
Will    +....        (no amulet)
Stlth   +            e - ring of protection from cold
HPRegen 0.26/turn    (no ring)
MPRegen 0.09/turn

%: no passive effects
@: lethally poisoned (-1 -> -11)
A: horns 2, retaliatory headbutt
a: no special abilities


You were on level 3 of the Dungeon.
You visited 1 branch of the dungeon, and saw 4 of its levels.

You collected 184 gold pieces.
You spent 100 gold pieces at shops.


Innate Abilities, Weirdness & Mutations

You have a pair of horns on your head.
You reflexively headbutt those who attack you in melee.


   Skills:
 - Level 2.0 Fighting
 + Level 4.3 Ranged Weapons
 - Level 1.0 Armour
 - Level 2.1 Dodging
 - Level 1.0 Spellcasting
 - Level 2.0 Hexes


You had 4 spell levels left.
You knew the following spells:

 Your Spells              Type           Power      Damage    Failure   Level
a - Slow                  Hex            16%        N/A       16%         1

Your spell library contained the following spells:

 Spells                   Type           Power      Damage    Failure   Level
 Inner Flame              Hex/Fire       2%         N/A       56%         3
 Portal Projectile        Hex/Tloc       4%         N/A       56%         3
 Cause Fear               Hex            2%         N/A       83%         4

Inventory:

Hand Weapons
 Y - a +2 sling (weapon)
Armour
 b - a +0 robe of willpower (worn)
 k - a +0 ring mail
Jewellery
 e - a ring of protection from cold (left hand)
Scrolls
 a - 2 scrolls of identify
Potions
 j - 2 potions of curing

Dungeon Overview and Level Annotations

Branches:
Dungeon (4/15)
 Temple: D:4-7

Altars:
Cheibriados

Shops:
D:3 *


Message History

What level of the Dungeon? (default 1, ? - help)
You climb downwards.
The scorpion stings you but does no damage.
The scorpion stings you.
There is a stone staircase leading up here.
1807 ||| STAIRDANCE The scorpion stings you but does no damage.
You climb upwards.
There is a stone staircase leading down, spattered with blood here.
You shoot a sling bullet. The sling bullet hits the scorpion.
The scorpion is moderately wounded.
The scorpion stings you.
You are poisoned.
The scorpion poisons you!
You shoot a sling bullet.
The sling bullet hits the scorpion but does no damage.
The scorpion is moderately wounded.
You feel very sick. The scorpion stings you. The scorpion closely misses you.
You shoot a sling bullet. The sling bullet hits the scorpion.
The scorpion is moderately wounded.
You feel sick. The scorpion stings you.
You shoot a sling bullet.
The sling bullet barely misses the scorpion.
You feel sick. The scorpion stings you.
You are lethally poisoned!
The scorpion poisons you! The scorpion stings you.
You shoot a sling bullet. The sling bullet hits the scorpion.
The scorpion is severely wounded.
You feel very sick. The scorpion stings you.
You shoot a sling bullet.
The sling bullet hits the scorpion but does no damage.
The scorpion is severely wounded.
You feel very sick. The scorpion barely misses you.
You shoot a sling bullet.
The sling bullet hits the scorpion but does no damage.
The scorpion is severely wounded.
You die...

#......!.........##.#.....####.#.
#.....##..###..(.##....#### #.).
#.....##...............########..
#.....##..................<...[..
#.##.###...............#######...
#.......................#####....
####.##............>.............
#.##.......................^..
#.##.........@).........#.....
####.#.........s................)
.....#...................#...%...
...............(.......#.........
................#.....###.##.....
.............#####..### #........
.............# #### ######...
.............# ####
.............#


You could see a scorpion.

Vanquished Creatures
  An adder (D:1)
  2 worms
  A dart slug (D:1)
  4 orcs
  4 endoplasms
  3 giant cockroaches
  4 goblins
  5 hobgoblins
  2 jackals (D:1)
  A quokka (D:3)
  2 ball pythons (D:1)
  5 bats
  5 kobolds
  6 rats
45 creatures vanquished.

Notes
Turn   | Place    | Note
-------+----------+-------------------------------------------
     0 | D:1      | qw the Minotaur Hexslinger began the quest for the Orb.
     0 | D:1      | Reached XP level 1. HP: 16/16 MP: 1/1
     0 | D:1      | 0 ||| qw: Version: 0.3-a-46-gb1f654a
     0 | D:1      | 0 ||| qw: Game counter: 2063
     0 | D:1      | 0 ||| qw: Melee chars always use a shield: true
     0 | D:1      | 0 ||| qw: God list: Okawaru
     0 | D:1      | 0 ||| qw: Allow faded altars: false
     0 | D:1      | 0 ||| qw: Do Orc after clearing Dungeon:15 true
     0 | D:1      | 0 ||| qw: Do second Lair branch before Depths: true
     0 | D:1      | 0 ||| qw: Lair rune preference: random
     0 | D:1      | 0 ||| qw: Goals: Normal
     0 | D:1      | 0 ||| PLANNING D:1-11
    70 | D:1      | Reached skill level 3 in Ranged Weapons
   113 | D:1      | Reached XP level 2. HP: 23/23 MP: 2/2
   272 | D:1      | 272 ||| FLEEEEING.
   273 | D:1      | 273 ||| FLEEEEING.
   556 | D:1      | 556 ||| UPGRADING to +0 leather armour.
   566 | D:1      | 566 ||| DROPPING +0 robe.
   567 | D:1      | 567 ||| UPGRADING to +0 ring mail.
   577 | D:1      | 577 ||| DROPPING +0 leather armour.
   578 | D:1      | 578 ||| UPGRADING to ring of protection from cold.
   579 | D:1      | 579 ||| READING 5 scrolls labelled ESIEXI ERRIYR.
   580 | D:1      | 580 ||| READING scroll labelled KEKHOBRAME.
   681 | D:1      | 681 ||| READING scroll labelled HESAIS JOD KIU.
   682 | D:1      | 682 ||| READING scroll labelled MIEJU ZUWNUMOE.
   683 | D:1      | 683 ||| READING 4 scrolls of identify.
   683 | D:1      | 683 ||| IDENTIFYING brown potion
   684 | D:1      | 684 ||| DROPPING scroll of poison.
   715 | D:2      | 715 ||| STAIRDANCE
   725 | D:1      | Reached XP level 3. HP: 13/29 MP: 3/3
  1278 | D:2      | Reached skill level 4 in Ranged Weapons
  1304 | D:2      | 1304 ||| READING scroll labelled KUTZYL GYUG.
  1305 | D:2      | 1305 ||| READING scroll labelled JEX YGYCKIRA.
  1306 | D:2      | 1306 ||| READING 3 scrolls of identify.
  1306 | D:2      | 1306 ||| IDENTIFYING emerald potion
  1307 | D:2      | 1307 ||| DROPPING potion of brilliance.
  1360 | D:3      | Found Vonky's General Store.
  1371 | D:3      | 1371 ||| BUYING +0 robe of willpower (100 gold).
  1371 | D:3      | Bought a +0 robe of willpower for 100 gold pieces
  1398 | D:3      | Found a faded altar of an unknown god.
  1440 | D:3      | Reached skill level 1 in Armour
  1478 | D:3      | Identified the +3 rapier of Distant Shores {drain, SInv}
  1479 | D:3      | Found a snail-covered altar of Cheibriados.
  1675 | D:3      | 1675 ||| UPGRADING to +0 robe of willpower.
  1685 | D:3      | 1685 ||| READING scroll labelled PIXKAH SYIMP.
  1690 | D:3      | 1690 ||| READING scroll labelled DETEATWERCHOAGH.
  1691 | D:3      | 1691 ||| READING 3 scrolls of identify.
  1691 | D:3      | 1691 ||| IDENTIFYING gluggy blue potion
  1692 | D:3      | 1692 ||| DROPPING potion of ambrosia.
  1716 | D:4      | Noticed a scorpion
  1719 | D:4      | 1719 ||| STAIRDANCE
  1723 | D:3      | Reached XP level 4. HP: 14/36 MP: 4/4
  1807 | D:4      | 1807 ||| STAIRDANCE
  1813 | D:3      | HP: 7/36 [poisoned by a scorpion]
  1814 | D:3      | HP: 2/36 [poisoned by a scorpion]
  1815 | D:3      | Succumbed to a scorpion's poison

Levels and vault maps discovered:
D:1:      zaba_arrival_water, layout_rooms, serial_curves, eino_curves_01,
          eino_curves_01, nrook_loot_triangle, minmay_heptomino_o4
D:2:      layout_loops_cross
D:3:      layout_rooms, lemuel_crystal_altar, ebering_ecumenical_altar_rust,
          serial_shops, shop
D:4:      layout_loops_ring, dreamdust_princess_corridor, uniq_duvessa

Skill      XL: |  1  2  3 |
---------------+----------+-----
Ranged Weapons | 3 4 |  4.3
Fighting       | 2 |  2.0
Armour         | 1 |  1.0
Dodging        | |  2.1
Spellcasting   | |  1.0
Hexes          | |  2.0

Action                     |  1- 3 |  4- 6 || total
---------------------------+-------+-------++-------
   Fire: Sling             |   108 |     7 ||   115
    Use: Scroll            |    11 |       ||    11
 Armour: Ring mail         |     9 |       ||     9
         Robe              |     3 |     2 ||     5
  Dodge: Dodged            |    21 |     2 ||    23

Table legend:
 A = Non-vault XP
 B = Vault XP
 C = Vault XP percentage of total XP
 D = Non-vault monster count
 E = Vault monster count
 F = Vault count percentage of total count
                 A         B        C        D         E       F
            +---------+---------+-------+---------+---------+-------
      Total |      95 |       2 |   2.1 |      43 |       2 |   4.4
            +---------+---------+-------+---------+---------+-------
        D:1 |      40 |       2 |   4.8 |      17 |       2 |  10.5
        D:2 |      20 |       0 |   0.0 |      10 |       0 |   0.0
        D:3 |      29 |       0 |   0.0 |      14 |       0 |   0.0
        D:4 |       6 |       0 |   0.0 |       2 |       0 |   0.0
            +---------+---------+-------+---------+---------+-------
